AoeStats
← tigremaster

Arena

508481124Analyzed
2v2 RM · 10d ago on Sep 22, 2026· 22m 29s· 4 players
Game mode
Random Map
Map size
Medium (4 player)
Population
200
Speed
Normal
Resources
Standard
Victory
Conquest
Starting age
Dark Age
Ending age
Imperial Age
RankedLock teamsTeams togetherTeam positionsShared explorationLock speedFull tech treeHidden civsTurbo modeCheats
Victory
Defeat
🇪🇨 Malay · Ecuador
1201
+14
🇦🇷 Magyars · Argentina
1153
+16
🇨🇴 Varangians · Colombia
1168
-16
🇨🇴 Ethiopians · Colombia
1136
-14
Maxpower1312
10:08 Feudal Age
11:36 Loom
14:56 Castle Age
13:48 Double-Bit Axe
15:02 Horse Collar
21:09 Forging
[VL] Otto von Bismarck
12:14 Feudal Age
13:26 Double-Bit Axe
15:52 Castle Age
13:47 Double-Bit Axe
14:09 Horse Collar
18:03 Bow Saw
19:41 Heavy Plow
Nelware1
7:40 Loom
11:00 Feudal Age
15:08 Castle Age
13:50 Double-Bit Axe
13:47 Horse Collar
tigremaster
3:03 Loom
10:40 Feudal Age
11:23 Double-Bit Axe
17:56 Castle Age
16:15 Horse Collar
16:32 Gold Mining
Connection lost

Rejoining the realm…

Still unreachable

The connection could not be restored.

Session expired

The server has moved on; the page needs a fresh start.